 Dungeon Crawl Stone Soup version 0.31.0-7-gf635a9b802 (webtiles) character file.

Game seed: 1179590161931673619

3719 groovy9 the Thaumaturge (level 10, -7/75 HPs)
             Began as a Djinni Conjurer on Jan 24, 2024.
             Was a Follower of Makhleb.
             Hit by a javelin thrown by a centaur (12 damage)
             ... in a bailey.
             The game lasted 00:26:29 (7103 turns).

groovy9 the Thaumaturge (Djinni Conjurer)           Turns: 7103, Time: 00:26:30

Health: -7/75      AC:  5    Str:  6    XL:     10   Next: 36%
Gold:   135        EV: 12    Int: 24    God:    Makhleb [*.....] SH:  5 Dex: 18

rFire   + + .        a - staff of conjuration
rCold   x . .        z - +0 buckler
rNeg    . . .        i - +0 troll leather armour
rPois   ∞            (no helmet)
rElec   .            D - +0 cloak
rCorr   .            p - +0 pair of gloves
SInv    .            (boots unavailable)
Will    +....        y - amulet of the acrobat
Stlth   ++           c - +6 ring of dexterity
HPRegen 1.12/turn    (no ring)
MPRegen 0.00/turn

%: acrobat, infuse magic (-8 HP)
@: flying
A: sickness immunity, fire resistance 2, cold vulnerability 1, float, innate
caster, HP casting, extra vitality 1
a: Renounce Religion


You were in a bailey.
You worshipped Makhleb.
Makhleb was aware of your devotion.
You visited 2 branches of the dungeon, and saw 9 of its levels.
You also visited: Sewer and Bailey.

You collected 259 gold pieces.
You spent 124 gold pieces at shops.

Inventory:

Hand Weapons
 k - a +4 spear of protection
Armour
 i - a +0 troll leather armour (worn)
 p - a +0 pair of gloves (worn)
 z - a +0 buckler (worn)
 D - a +0 cloak (worn)
Magical Staves
 a - a staff of conjuration (weapon)
Jewellery
 c - a +6 ring of dexterity (left hand)
 y - an amulet of the acrobat (around neck)
Wands
 n - a wand of polymorph (22)
 x - a wand of iceblast (13)
Scrolls
 f - 3 scrolls of vulnerability {unknown}
 h - a scroll of enchant weapon {unknown}
 m - 2 scrolls of blinking
 o - 2 scrolls of torment
 r - 3 scrolls of fear
 u - a scroll of enchant armour {unknown}
 A - 2 scrolls of immolation
 B - a scroll of teleportation
Potions
 b - 3 potions of cancellation {unknown}
 d - 2 potions of ambrosia
 e - 2 potions of might
 g - 2 potions of invisibility
 j - 3 potions of lignification
 l - 3 potions of enlightenment
 q - a potion of heal wounds {unknown}
 s - 2 potions of berserk rage {unknown}
 t - 2 potions of brilliance {unknown}
 v - a potion of magic {unknown}
 C - 3 potions of haste {unknown}


   Skills:
 + Level 7.4 Fighting
 + Level 4.3 Dodging
 - Level 1.5 Stealth
 + Level 3.1 Shields
 * Level 9.4 Spellcasting
 * Level 9.4 Conjurations
 * Level 9.4 Hexes
   Level 0.0 Charms
 * Level 9.4 Summonings
 * Level 9.4 Necromancy
 * Level 9.4 Translocations
   Level 0.0 Transmutations
 * Level 9.4 Fire Magic
 * Level 9.4 Ice Magic
 * Level 9.4 Air Magic
 * Level 9.4 Earth Magic
 * Level 9.4 Alchemy


You knew the following spells:

 Your Spells              Type           Power      Damage    Failure   Level
a - Magic Dart            Conj           100%       1d8       1%          1
b - Searing Ray           Conj           100%       2d8       1%          2
c - Fulminant Prism       Conj/Alch      35%        3d18      3%          4
d - Iskenderun's Mystic   Conj/Tloc      71%        2d14      3%          4
e - Necrotise             Necr           100%       1d9       1%          1
f - Mercury Vapours       Alch/Air       100%       N/A       1%          2
g - Stone Arrow           Conj/Erth      100%       3d13      1%          3
h - Frozen Ramparts       Ice            100%       1d16      1%          3
Your spell library was empty.

Dungeon Overview and Level Annotations

Branches:
Dungeon (8/15)             Temple (1/1) D:6           Sewer (visited)
 Bailey (1/1)
   Lair: D:8-11

Altars:
Ashenzari
Cheibriados
Dithmenos
Elyvilon
Fedhas
Gozag
Makhleb
Nemelex Xobeh
Okawaru
Qazlal
Ru
Trog
Wu Jian
Xom
Yredelemnul
Zin
The Shining One

Shops:
D:3 (   D:4 *(=*[


Innate Abilities, Weirdness & Mutations

You are immune to sickness and miasma.
You are immune to poison.
Your flesh is very heat resistant. (rF++)
You are vulnerable to cold. (rC-)
You float through the air rather than walking.
You learn spells naturally, not from books.
Your magical power is your life essence.
You have superior vitality. (+4 MHP)


Message History

A centaur comes into view. It is wielding a +0 halberd.
Casting: Magic Dart (safe; 1% risk of failure)
Confirm with . or Enter, or press ? or * to list all spells.
Aiming: Magic Dart (safe; 1% risk of failure)
Press: ? - help, Shift-Dir - straight line, f - centaur
Aim: a centaur, wielding a +0 halberd, wearing a +4 scale mail and quivering javelins (100% to hit)
You feel a surge of power!
The magic dart hits the centaur but does no damage.
The centaur throws a javelin.
The javelin pierces through you!
* * * LOW HITPOINT WARNING * * *
Casting: Magic Dart (safe; 1% risk of failure)
Confirm with . or Enter, or press ? or * to list all spells.
Aiming: Magic Dart (safe; 1% risk of failure)
Press: ? - help, Shift-Dir - straight line, f/p - centaur
Aim: a centaur, wielding a +0 halberd, wearing a +4 scale mail and quivering javelins (100% to hit)
You feel a surge of power!
The magic dart hits the centaur but does no damage.
* * * LOW HITPOINT WARNING * * *
Casting: Magic Dart (safe; 1% risk of failure)
Confirm with . or Enter, or press ? or * to list all spells.
Aiming: Magic Dart (safe; 1% risk of failure)
Press: ? - help, Shift-Dir - straight line, f/p - centaur
Aim: a centaur, wielding a +0 halberd, wearing a +4 scale mail and quivering javelins (100% to hit)
You feel a surge of power!
The magic dart hits the centaur but does no damage.
* * * LOW HITPOINT WARNING * * *
The centaur throws a javelin.
The javelin pierces through you!
* * * LOW HITPOINT WARNING * * *
As you read the scroll of fog, it dissolves into smoke.
The centaur throws a javelin.
The javelin barely misses you.
Casting: Magic Dart (safe; 1% risk of failure)
Confirm with . or Enter, or press ? or * to list all spells.
Aiming: Magic Dart (safe; 1% risk of failure)
Press: ? - help, Shift-Dir - straight line, f/p - centaur
Aim: a centaur, wielding a +0 halberd, wearing a +4 scale mail and quivering javelins (100% to hit)
You feel a surge of power!
The magic dart hits the centaur but does no damage.
* * * LOW HITPOINT WARNING * * *
The centaur throws a javelin.
The javelin pierces through you!
You die...

.....≈≈≈≈≈.....
....≈≈...≈≈....
.≈.≈≈.≈.≈.≈≈.≈.
≈≈.≈.≈≈.≈≈.≈.≈≈
≈.≈≈.≈...≈.≈≈.≈
≈.≈.≈≈.§.≈≈.≈.≈
≈.≈.≈.§§§§≈.≈.≈
≈.≈.≈.§@§§≈.≈.≈
≈.≈.≈.§§§§≈.≈.≈
≈.≈.≈≈§§§§≈.≈.≈
≈.≈≈.≈...≈)≈≈.≈
≈≈)≈.≈≈≈≈≈.≈)≈≈
)≈.≈≈..)).≈≈.≈)
c≈≈.≈≈≈.≈≈≈.≈≈.
..≈≈.)≈.≈).≈≈..


You could see a centaur.

Vanquished Creatures
  Pikel (D:4)
  Grinder (D:6)
  Prince Ribbit (D:6)
  A steam dragon (D:7)
  Menkaure (D:4)
  Edmund (D:5)
  An orc warrior (D:7)
  A sky beast (D:7)
  A black bear (D:8)
  An ice beast (D:5)
  An ogre (D:7)
  3 centaurs
  A lemure (D:4)
  2 kobold brigands
  2 phantoms
  Blork the orc (D:5)
  2 brain worms (Sewer)
  A weeping skull (D:5)
  2 bullfrogs (D:7)
  2 scorpions
  3 bombardier beetles
  5 hounds
  6 orc priests
  Ijyb (D:5)
  3 iguanas (D:5)
  7 orc wizards
  9 adders
  3 river rats (Sewer)
  A shadow imp (D:7)
  3 white imps
  2 ufetubi (D:5)
  5 ribbon worms
  3 dart slugs
  35 orcs
  9 endoplasms
  5 giant cockroaches
  11 goblins
  8 hobgoblins
  2 jackals (D:2)
  3 quokkas (D:3)
  6 ball pythons
  3 bats
  14 frilled lizards
  28 kobolds
  14 rats
  A spectral orc (D:5)
217 creatures vanquished.

Vanquished Creatures (others)
  A hound (D:7)
  7 fulminant prisms
8 creatures vanquished.

Grand Total: 225 creatures vanquished

Notes
Turn   | Place    | Note
-------+----------+-------------------------------------------
     0 | D:1      | groovy9 the Djinni Conjurer began the quest for the Orb.
     0 | D:1      | groovy9 set off with the following spells memorised: Magic
                  | Dart, Searing Ray, Fulminant Prism, Iskenderun's Mystic
                  | Blast.
     0 | D:1      | Reached XP level 1. HP: 15/15 MP: 0/0
   136 | D:1      | Reached XP level 2. HP: 17/22 MP: 0/0
   763 | D:2      | Reached skill level 1 in Fighting
   985 | D:2      | Reached XP level 3. HP: 21/27 MP: 0/0
   985 | D:2      | Learned a level 1 spell: Necrotise
  1406 | D:3      | Reached XP level 4. HP: 24/32 MP: 0/0
  1527 | D:3      | Found Fioreti's Weapon Shop.
  2057 | D:3      | Reached XP level 5. HP: 36/38 MP: 0/0
  2057 | D:3      | Learned a level 2 spell: Mercury Vapours
  2427 | D:4      | Found Koeqisoe's Antique Weapon Shop.
  2615 | D:4      | Found Gaxy's Jewellery Emporium.
  2632 | D:4      | Noticed a lemure
  2734 | D:4      | Noticed Menkaure
  2744 | D:4      | Killed Menkaure
  2745 | D:4      | Reached skill level 5 in Spellcasting
  2745 | D:4      | Reached skill level 5 in Conjurations
  2745 | D:4      | Reached skill level 5 in Hexes
  2745 | D:4      | Reached skill level 5 in Summonings
  2745 | D:4      | Reached skill level 5 in Necromancy
  2745 | D:4      | Reached skill level 5 in Translocations
  2745 | D:4      | Reached skill level 5 in Fire Magic
  2745 | D:4      | Reached skill level 5 in Ice Magic
  2745 | D:4      | Reached skill level 5 in Air Magic
  2745 | D:4      | Reached skill level 5 in Earth Magic
  2745 | D:4      | Reached skill level 5 in Alchemy
  2745 | D:4      | Reached XP level 6. HP: 5/46 MP: 0/0
  2903 | D:4      | Found Luezeo's Armour Boutique.
  2906 | D:4      | Found Decubac's Assorted Antiques.
  2937 | D:4      | Bought a scroll labelled IGRINAAGUE for 26 gold pieces
  2937 | D:4      | Bought 2 fizzy inky potions for 46 gold pieces
  2937 | D:4      | Bought a scroll labelled JEIFARH VUED for 26 gold pieces
  2937 | D:4      | Bought a scroll labelled OPPYOL OQEOR for 26 gold pieces
  3101 | D:4      | Noticed Pikel
  3114 | D:4      | Killed Pikel
  3115 | D:4      | Reached XP level 7. HP: 4/53 MP: 0/0
  3115 | D:4      | Learned a level 3 spell: Stone Arrow
  3115 | D:4      | Reached XP level 8. HP: 5/58 MP: 0/0
  3521 | D:4      | Found a broken altar of Ashenzari.
  3555 | D:4      | Found Gymoud's General Store.
  3570 | D:4      | Identified the +5 longbow "Arcanum" {heavy, Fly Dex-2 SInv
                  | Stlth+}
  3682 | D:5      | Entered Level 5 of the Dungeon
  4069 | D:5      | Noticed Edmund
  4079 | D:5      | Killed Edmund
  4080 | D:5      | Reached skill level 5 in Fighting
  4412 | D:5      | Noticed Blork the orc
  4417 | D:5      | Killed Blork the orc
  4952 | D:5      | Noticed Ijyb
  4972 | D:5      | Killed Ijyb
  4973 | D:5      | Reached XP level 9. HP: 65/65 MP: 0/0
  4973 | D:5      | Learned a level 3 spell: Frozen Ramparts
  5021 | D:5      | Found a basalt altar of Yredelemnul.
  5321 | D:6      | Found a glowing drain.
  5335 | Sewer    | Entered a sewer
  5375 | Sewer    | Identified the +2 leather armour of the Crypt {Str+3}
  6015 | D:6      | Noticed Grinder
  6021 | D:6      | Killed Grinder
  6022 | D:6      | Reached skill level 1 in Shields
  6176 | D:6      | Noticed Prince Ribbit
  6179 | D:6      | Killed Prince Ribbit
  6284 | D:6      | Reached XP level 10. HP: 71/73 MP: 0/0
  6300 | D:6      | Found a staircase to the Ecumenical Temple.
  6306 | Temple   | Entered the Ecumenical Temple
  6331 | Temple   | Became a worshipper of Makhleb the Destroyer
  6529 | D:6      | Found a shimmering altar of Xom.
  6655 | D:7      | You are sucked into a shaft and drop 1 floor!
  6788 | D:7      | Found a glowing golden altar of the Shining One.
  7037 | D:7      | Reached * piety under Makhleb
  7054 | D:7      | Found a flagged portal.
  7061 | Bailey   | Entered a bailey
  7101 | Bailey   | HP: 3/75 [centaur/javelin (13)]
  7103 | Bailey   | Hit by a javelin thrown by a centaur

Illustrated notes

Levels and vault maps discovered:
D:1:      saegor_arrival_simple_b, layout_loops_ring
D:2:      layout_loops_cross
D:3:      corexii_shack_village, layout_basic, serial_shops, shop,
          minmay_misc_feat_cross, minmay_surrounded
D:4:      layout_basic, mainiacjoe_overflow_alcove_4, serial_shops,
          nicolae_shop_waterfront, kennysheep_mini, shop, nicolae_square_shop,
          kennysheep_mini_moat, uniq_menkaure, uniq_pikel
D:5:      layout_basic, yredelemnul_forgotten_temple_becter, minmay_lizard_king,
          uniq_blork_the_orc, uniq_ijyb, uniq_edmund
D:6:      nicolae_cairo_tiling_very_big, layout_basic, general_overflow_altar,
          minmay_temple_entry_hall, cheibrodos_sewer_entry_drain,
          uniq_prince_ribbit1, uniq_grinder
D:7:      layout_loops_ring, mainiacjoe_overflow_surrounded_room,
          mainiacjoe_overflow_cross_hatched, enter_bailey_3,
          minmay_misc_feat_more_columns, lemuel_flamethrower_2
D:8:      layout_rooms, serial_shops, nicolae_shop_hallway_plus,
          minmay_manual_mares, uniq_grum
Temple:   regret_index_temple_waves
Bailey:   bailey_polearm_flooded_kennysheep, bailey

Skill      XL: |  1  2  3  4  5  6  7  8  9 10 |
---------------+-------------------------------+-----
Fighting       | 1 2 3 4 5 6 7 |  7.4
Spellcasting   | 4 5 6 7 9 |  9.4
Conjurations   | 4 5 6 7 9 |  9.4
Hexes          | 4 5 6 7 9 |  9.4
Summonings     | 4 5 6 7 9 |  9.4
Necromancy     | 4 5 6 7 9 |  9.4
Translocations | 4 5 6 7 9 |  9.4
Fire Magic     | 4 5 6 7 9 |  9.4
Ice Magic      | 4 5 6 7 9 |  9.4
Air Magic      | 4 5 6 7 9 |  9.4
Earth Magic    | 4 5 6 7 9 |  9.4
Alchemy        | 4 5 6 7 9 |  9.4
Shields        | 1 3 |  3.1
Dodging        | 3 4 |  4.3
Stealth        | |  1.5

Action                     |  1- 3 |  4- 6 |  7- 9 | 10-12 || total
---------------------------+-------+-------+-------+-------++-------
  Melee: Unarmed           |       |       |    12 |       ||    12
   Cast: Magic Dart        |    52 |    72 |    79 |    45 ||   248
         Searing Ray       |     4 |    21 |    21 |     4 ||    50
         Fulminant Prism   |       |     2 |     4 |     1 ||     7
         Iskenderun's Myst |       |     5 |    21 |    12 ||    38
         Stone Arrow       |       |       |    28 |     8 ||    36
    Use: Scroll            |       |     5 |    10 |     1 ||    16
   Stab: Confused          |       |       |     1 |       ||     1
 Armour: Robe              |     3 |    10 |     4 |       ||    17
         Troll leather arm |       |       |     5 |    16 ||    21
  Dodge: Dodged            |     2 |    14 |    14 |     9 ||    39
  Block: Buckler           |       |       |       |     2 ||     2
